 Dungeon Sprint DCSS version 0.19.0-24-gb05acd6 (webtiles) character file.

6400000 igo the Axe Maniac (level 27, -6/273 HPs)
             Began as a Ghoul Warper on Nov 22, 2016.
             Was the Champion of Makhleb.
             Mangled by a destroyer
             ... wielding a +9 great sword of slicing
              (228 damage)
             ... in the Dungeon (Sprint VIII: "Arena of Blood").
             The game lasted 00:02:15 (64 turns).

igo the Axe Maniac (Ghoul Warper)                     Turns: 64, Time: 00:02:16

Health: -6/273     AC:  6    Str: 19    XL:     27
Magic:  16/53      EV: 32    Int:  8    God:    Makhleb [******]
Gold:   0          SH:  0    Dex: 17    Spells: 0 memorised, 80 levels left

rFire  . . .     SeeInvis .     l - +∞ Axe of Woe
rCold  + . .     Gourm    .     b - +0 leather armour
rNeg   + + +     Faith    .     (shield currently unavailable)
rPois  ∞         Spirit   .     (no helmet)
rElec  .         Reflect  .     (no cloak)
rCorr  .         Harm     .     (no gloves)
MR     ++...     NoTele   +     (no boots)
Stlth  +++++++++.               (no amulet)
                                (no ring)
                                (no ring)

@: rotting
A: rotting body, claws 1, carnivore 3, cold resistance 1, negative energy
resistance 3, slow regeneration 1, torment resistance, unbreathing
a: Minor Destruction, Lesser Servant of Makhleb, Major Destruction, Greater
Servant of Makhleb, Renounce Religion


You were in the Dungeon.
You worshipped Makhleb.
Makhleb was exalted by your worship.
You were not hungry.

You visited 1 branch

Inventory:

Hand Weapons
 a - a +0 hand axe
 l - the +∞ Axe of Woe (weapon)
   (You found it in the Dungeon)
Missiles
 e - 5 tomahawks of dispersal (quivered)
Armour
 b - a +0 leather armour (worn)
Jewellery
 m - an uncursed ring of see invisible
Scrolls
 d - 2 scrolls of blinking
Potions
 g - a potion of curing
 h - a potion of heal wounds
 i - a potion of haste
 j - 2 potions of magic
 k - a potion of berserk rage
Books
 c - a book of Spatial Translocations

   Spells                             Type                      Level
   a - Blink                          Translocation                2
   b - Shroud of Golubria             Charms/Translocation         2
   c - Lesser Beckoning               Translocation                3
   d - Portal Projectile              Translocation                3
   e - Teleport Other                 Translocation                3
   f - Passage of Golubria            Translocation                4
Comestibles
 f - a meat ration


   Skills:
 O Level 27 Fighting
 O Level 27 Axes
 O Level 27 Throwing
 O Level 27 Armour
 O Level 27 Dodging
 O Level 27 Stealth
 O Level 27 Unarmed Combat
 O Level 27 Spellcasting
   Level 2.6 Translocations
 O Level 27 Invocations


You had 80 spell levels left.
You didn't know any spells.

Dungeon Overview and Level Annotations

Branches:
Dungeon (1/1)

Altars:
Makhleb


Innate Abilities, Weirdness & Mutations

Your body is rotting away.
You thrive on raw meat.
You are immune to poison.
You have sharp fingernails.
You are carnivorous and can eat meat at any time.
Your flesh is cold resistant. (rC+)
You are immune to negative energy. (rN+++)
You regenerate slowly when monsters are visible.
You are immune to unholy pain and torment.
You can survive without breathing.


Message History

The bag of meat is engulfed in roaring flames.
The accursed gestures at you while chanting.
Something smites you!
The destroyer blinks!
You hear a shout! x4
A large abomination comes into view.
An ogre, a large abomination, a skeletal warrior and a lich come into view.
You hear a shout! x4
The meat berserker rages.
The large abomination moves out of view.
The destroyer is engulfed in roaring flames.
The destroyer hits you with a +9 great sword of slicing!
The destroyer completely misses you.
The meat beast bites you but does no damage.
The meat beast closely misses you.
You hear a shout! x2
The crawling corpse moves out of view.
The bag of meat hits you with a +9 war axe!!
The destroyer hits you with a +9 great sword of slicing!!!!!
Ouch! That really hurt!
You die...

################
......)))......####
.......§§)M.......#
....##3##§#####.....
......oo)Voozoo.....
#.....##@##ooox.....
.......2Vooo.......
......o#X#x).....#
......O.Xo§X.Xz####
.........XO§xL.....
.........%)))......
......V..§)))......
.......X........o..
#.......#..%.....


You could see an accursed, a meat beast, a tyrant, 3 destroyers, 2 sculptors of
flesh, a soul eater, 5 large abominations, 2 meat berserkers, a small
abomination, 11 bags of meat and a crawling corpse.

Vanquished Creatures
  A greater mummy (D)
  4 vampire knights (D)
  20 ogres (D)
  65 orcs (D)
  4 hill giants (D)
  A skeletal warrior (D)
  A large abomination (D)
  3 small abominations (D)
  A crawling corpse (D)
100 creatures vanquished.

Vanquished Creatures (others)
  A small abomination (D)
  3 crawling corpses (D)
4 creatures vanquished.

Grand Total: 104 creatures vanquished

Notes
Turn   | Place    | Note
-------+----------+-------------------------------------------
     0 | D        | igo the Ghoul Warper began the quest for the Orb.
     0 | D        | Reached XP level 1. HP: 17/17 MP: 2/2
     3 | D        | Noticed a bag of meat
     4 | D        | Became a worshipper of Makhleb the Destroyer
     5 | D        | Noticed a bag of meat
     5 | D        | Noticed a bag of meat
     7 | D        | Noticed a meat berserker
     8 | D        | Noticed a bag of meat
     8 | D        | Killed a bag of meat
     8 | D        | Reached XP level 2. HP: 47/47 MP: 2/15
     8 | D        | Reached XP level 3. HP: 53/53 MP: 2/17
     8 | D        | Reached XP level 4. HP: 61/61 MP: 2/18
     8 | D        | Reached XP level 5. HP: 68/68 MP: 2/20
     8 | D        | Reached XP level 6. HP: 75/75 MP: 2/21
     8 | D        | Reached XP level 7. HP: 82/82 MP: 2/23
     8 | D        | Reached XP level 8. HP: 90/90 MP: 2/24
     8 | D        | Reached XP level 9. HP: 96/96 MP: 2/25
     8 | D        | Reached XP level 10. HP: 104/104 MP: 2/26
     8 | D        | Reached XP level 11. HP: 111/111 MP: 2/27
     8 | D        | Reached XP level 12. HP: 118/118 MP: 2/28
     8 | D        | Killed a meat berserker
     8 | D        | Reached * piety under Makhleb
     8 | D        | Reached skill level 15 in Dodging
     8 | D        | Reached XP level 13. HP: 134/134 MP: 2/32
     8 | D        | Reached XP level 14. HP: 141/141 MP: 2/33
     9 | D        | Killed a bag of meat
     9 | D        | Killed a bag of meat
     9 | D        | Reached XP level 15. HP: 127/155 MP: 2/36
    10 | D        | Noticed a meat berserker
    12 | D        | Noticed a meat berserker
    12 | D        | Noticed a large bag of meat
    13 | D        | Noticed a meat berserker
    14 | D        | Noticed a meat berserker
    15 | D        | Noticed a meat berserker
    15 | D        | Noticed a meat berserker
    16 | D        | Noticed a meat berserker
    16 | D        | Killed a meat berserker
    16 | D        | Reached ** piety under Makhleb
    16 | D        | Reached XP level 16. HP: 88/165 MP: 4/38
    17 | D        | Noticed a meat berserker
    17 | D        | Noticed a meat berserker
    17 | D        | Noticed a meat berserker
    17 | D        | Killed a meat berserker
    17 | D        | Reached *** piety under Makhleb
    17 | D        | Reached skill level 15 in Stealth
    17 | D        | Reached XP level 17. HP: 178/178 MP: 4/41
    17 | D        | Killed a meat berserker
    17 | D        | Reached XP level 18. HP: 188/188 MP: 4/42
    17 | D        | Killed a meat berserker
    17 | D        | Reached **** piety under Makhleb
    17 | D        | Reached skill level 27 in Axes
    18 | D        | Noticed a large bag of meat
    18 | D        | Killed a large bag of meat
    18 | D        | Reached XP level 19. HP: 158/200 MP: 4/45
    18 | D        | Killed a meat berserker
    18 | D        | Killed a meat berserker
    18 | D        | Reached skill level 10 in Throwing
    18 | D        | Reached skill level 10 in Armour
    18 | D        | Killed a meat berserker
    18 | D        | Reached ***** piety under Makhleb
    18 | D        | Reached skill level 27 in Fighting
    18 | D        | Reached XP level 20. HP: 216/216 MP: 4/48
    18 | D        | Reached skill level 27 in Stealth
    19 | D        | Noticed a meat berserker
    19 | D        | Noticed a meat berserker
    19 | D        | Noticed a meat berserker
    19 | D        | Reached skill level 27 in Spellcasting
    19 | D        | Reached skill level 27 in Invocations
    19 | D        | Reached XP level 21. HP: 224/224 MP: 5/51
    19 | D        | Reached skill level 27 in Dodging
    20 | D        | Noticed a meat berserker
    20 | D        | Reached ****** piety under Makhleb
    21 | D        | Reached XP level 22. HP: 212/233 MP: 5/52
    23 | D        | Reached skill level 27 in Throwing
    23 | D        | Reached skill level 27 in Armour
    23 | D        | Reached skill level 15 in Unarmed Combat
    23 | D        | Reached XP level 23. HP: 240/240 MP: 6/53
    24 | D        | Reached skill level 27 in Unarmed Combat
    24 | D        | Reached XP level 24. HP: 249/249 MP: 6/53
    25 | D        | Reached XP level 25. HP: 257/257 MP: 6/53
    27 | D        | Reached XP level 26. HP: 266/266 MP: 7/53
    30 | D        | Reached XP level 27. HP: 273/273 MP: 7/53
    34 | D        | Noticed a destroyer
    39 | D        | Killed a destroyer
    40 | D        | Noticed a destroyer
    44 | D        | Noticed a destroyer
    44 | D        | Noticed a destroyer
    45 | D        | Killed a destroyer
    48 | D        | Killed a destroyer
    51 | D        | Noticed an accursed
    52 | D        | Noticed a destroyer
    54 | D        | Killed a destroyer
    56 | D        | Noticed an accursed
    61 | D        | Noticed a meat beast
    62 | D        | Noticed a destroyer
    62 | D        | Killed an accursed
    64 | D        | Noticed a tyrant
    64 | D        | Mangled by a destroyer

Skill      XL: |  1  2  3  4  5  6  7  8  9 10 11 12 13 14 15 16 17 18 19 20 21 22 23 |
---------------+----------------------------------------------------------------------+-----
Fighting       | 14 17 20 22 23 24 27 | 27.0
Axes           | 13 16 18 20 24 25 27 | 27.0
Throwing       | 4 6 7 8 9 10 12 22 27 | 27.0
Armour         | 4 6 7 8 9 10 11 22 27 | 27.0
Dodging        | 12 15 17 18 20 22 24 26 27 | 27.0
Spellcasting   | 13 16 18 19 21 23 25 27 | 27.0
Stealth        | 9 15 17 21 26 27 | 27.0
Invocations    | 9 14 16 19 24 27 | 27.0
Unarmed Combat | 20 27 | 27.0
Translocations | |  2.6

Action                   |  1- 3 |  4- 6 |  7- 9 | 10-12 | 13-15 | 16-18 | 19-21 | 22-24 | 25-27 || total
-------------------------+-------+-------+-------+-------+-------+-------+-------+-------+-------++-------
Melee: Executioner's axe |     1 |       |       |       |     2 |     2 |     3 |     3 |    26 ||    37
Armor: Leather armour    |       |       |       |       |       |       |       |       |     1 ||     1
Dodge: Dodged            |     1 |       |       |       |       |       |       |       |     6 ||     7
